 Dungeon Crawl Stone Soup version 0.16-a0-3458-g6d2551d (webtiles) character file.

5933 NewYearsCrawler the Cleaver (level 11, -4/75 HPs)
             Began as a Formicid Fighter on Jan 2, 2015.
             Was an Elder of Okawaru.
             Slain by an orc warrior
             ... wielding a +0 trident
              (5 damage)
             ... on level 10 of the Dungeon.
             The game lasted 00:24:11 (11636 turns).

NewYearsCrawler the Cleaver (Formicid Fighter)     Turns: 11636, Time: 00:24:11

Health: -4/75      AC: 16    Str: 23    XL:     11   Next: 9%
Magic:  15/15      EV:  6    Int:  7    God:    Okawaru [****..]
Gold:   730        SH: 11    Dex: 10    Spells: 0 memorised, 10 levels left

rFire  . . .     SeeInvis +     a - +1 war axe
rCold  + . .     Clarity  .     F - +0 plate armour (curse)
rNeg   + . .     SustAb   .     c - +0 shield
rPois  .         Gourm    .     (helmet unavailable)
rElec  .         Spirit   .     K - +1 cloak
rCorr  .         Warding  .     h - +0 pair of gloves
rMut   .         Stasis   +     l - +1 pair of boots
MR     +....                    n - amulet of faith
Stlth  ..........               y - ring of protection from cold
                                C - ring of positive energy

@: somewhat resistant to hostile enchantments, extremely unstealthy
A: permanent stasis, dig shafts and tunnels, four strong arms, antennae 3,
blurry vision 1, weak 1, wild magic 1
a: Dig, Shaft Self, Heroism, Renounce Religion


You were on level 10 of the Dungeon.
You worshipped Okawaru.
Okawaru was greatly pleased with you.
You were very hungry.

You visited 2 branches of the dungeon, and saw 11 of its levels.

You collected 730 gold pieces.

Inventory:

Hand weapons
 a - a +1 war axe (weapon)
Missiles
 i - 2 javelins (quivered)
 r - 17 tomahawks
 E - 4 steel tomahawks
Armour
 c - a +0 shield (worn)
 h - a +0 pair of gloves (worn)
 l - a +1 pair of boots (worn)
 F - a cursed +0 plate armour (worn)
 K - a +1 cloak (worn)
Jewellery
 n - an amulet of faith (around neck)
 y - a ring of protection from cold (right hand)
 B - an uncursed amulet of clarity
 C - a ring of positive energy (left hand)
Magical devices
 b - a wand of invisibility (4)
 m - a wand of confusion (3)
 p - a wand of lightning (5)
 t - a wand of random effects (48)
 J - a wand of draining (7)
Scrolls
 f - 5 scrolls of remove curse
 g - 2 scrolls of amnesia
 v - 2 scrolls of enchant weapon
 w - 7 scrolls of identify
 x - a scroll of magic mapping
 z - a scroll of noise
 I - a scroll of holy word {unknown}
Potions
 e - 2 potions of resistance
 o - a potion of restore abilities
Books
 s - a book of Death

   Spells                             Type                      Level
   a - Corpse Rot                     Necromancy                   2
   b - Sublimation of Blood           Necromancy                   2
   c - Agony                          Necromancy                   5
   d - Dispel Undead                  Necromancy                   5
   e - Excruciating Wounds            Charms/Necromancy            5
   f - Bolt of Draining               Conjuration/Necromancy       5
 A - a book of the Tempests

   Spells                             Type                      Level
   a - Static Discharge               Conjuration/Air              3
   b - Lightning Bolt                 Conjuration/Air              5
   c - Fireball                       Conjuration/Fire             5
   d - Tornado                        Air                          9
   e - Shatter                        Earth                        9
 D - a book of Annihilations {highlevel, unknown}

   This book is beyond your current level of understanding.

   Spells                             Type                      Level
   a - Poison Arrow                   Conjuration/Poison           6
   b - Chain Lightning                Conjuration/Air              8
   c - Lehudib's Crystal Spear        Conjuration/Earth            8
   d - Glaciate                       Conjuration/Ice              9
   e - Fire Storm                     Conjuration/Fire             9
Comestibles
 d - 9 bread rations
 j - 2 beef jerkies
 k - 4 chunks of flesh
 q - 4 meat rations
 u - 7 fruits
 G - 4 royal jellies


   Skills:
 - Level 3.2 Fighting
 * Level 13.8 Axes
 - Level 3.2 Armour
 - Level 9.4 Shields


You had 10 spell levels left.
You didn't know any spells.

Dungeon Overview and Level Annotations

Branches:
Dungeon (10/15)            Temple (1/1) D:6            Lair (0/8) D:10
    Orc (0/4) D:10

Altars:
Dithmenos
Elyvilon
Fedhas
Gozag
Kikubaaqudgha
Makhleb
Nemelex Xobeh
Okawaru
Ru
Sif Muna
Trog
Xom
Yredelemnul
The Shining One
Beogh

Shops:
D:5 [

Annotations:
D:6 exclusion: oklob plant
D:9 NewYearsCrawler's ghost, experienced FoFi
D:10 runed door


Innate Abilities, Weirdness & Mutations

You are under a permanent stasis effect.
You can dig through walls and to a lower floor.
Your four strong arms can wield two-handed weapons with a shield.
You have a pair of large antennae on your head (SInv).
Scrolls take you a little longer to read.
You are weak. (Str -2)
Your spells are a little harder to cast, but a little more powerful.


Message History

The orc warrior completely misses you.
You closely miss the orc warrior.
The orc warrior is severely wounded.
You barely miss the orc warrior.
The orc warrior is severely wounded.
The orc warrior hits you with a trident!
* * * LOW HITPOINT WARNING * * *
Drink which item? (? for menu, Esc to quit)
Okay, then.
You hit the orc warrior.
The orc warrior is severely wounded.
The orc warrior hits you with a trident!
* * * LOW HITPOINT WARNING * * *
Read which item? (? for menu, Esc to quit)
The orc warrior hits you with a trident!
* * * LOW HITPOINT WARNING * * *
You begin reading the scroll.
You continue reading the scroll.
You are feeling very hungry.
The orc warrior hits you with a trident.
You die...

....#.. ..Y..... ......h
...... { #####.lK##...
####...####.#.#
###.........##(.#
..........)....{{#######+#
........#).....##{..........
#########.########{.........#
#..# #@#{{.......?.# #.##
##o#{.........# #.#
###.......)..# #.#
#..........+ #.# #....$.....#
#.# #..........# #.# ######
##'# #.# #..# ####'#######
#.##


You could see an orc warrior.

Vanquished Creatures
  A hill giant (D:10)
  Eustachio (D:6)
  Grum (D:9)
  4 hungry ghosts
  2 steam dragons (D:8)
  A hippogriff (D:10)
  2 water moccasins (D:9)
  2 wolves (D:9)
  A soldier ant (D:9)
  2 orc warriors
  3 black bears
  A phantom (D:4)
  2 ice beasts
  3 sky beasts
  3 centaurs
  Duvessa (D:5)
  4 ogres
  2 giant frogs
  2 jellies
  A wyvern skeleton (D:10)
  A scorpion (D:3)
  A spriggan skeleton (D:10)
  3 crimson imps
  Dowan (D:5)
  3 goliath beetles
  2 giant frog zombies
  3 giant frog skeletons
  8 hounds
  Crazy Yiuf (D:5)
  A centaur skeleton (D:10)
  7 worker ants
  8 orc wizards
  5 iguanas
  5 orc priests
  An ogre skeleton (D:10)
  A hound zombie (D:6)
  3 hound skeletons
  A worker ant zombie (D:6)
  6 adders
  7 gnolls
  3 river rats (D:6)
  A giant mite (D:3)
  2 shadow imps
  A worm (D:5)
  2 adder zombies
  An adder skeleton (D:4)
  10 giant geckos
  An ooze (D:5)
  34 orcs
  2 bat skeletons
  2 bat zombies
  4 giant cockroaches
  16 hobgoblins
  10 jackals (D:2)
  11 kobolds
  8 quokkas
  2 ball pythons
  A ball python skeleton (D:5)
  17 bats
  A giant gecko skeleton (D:6)
  4 giant newts
  A giant spore (D:7)
  7 goblins
  A jackal skeleton (D:5)
  An orc zombie (D:7)
  A quokka skeleton (D:6)
  16 rats
  A spectral orc (D:7)
  2 ballistomycetes (D:7)
  4 fungi
274 creatures vanquished.

Notes
Turn   | Place    | Note
--------------------------------------------------------------
     0 | D:1      | NewYearsCrawler, the Formicid Fighter, began the quest for the Orb.
     0 | D:1      | Reached XP level 1. HP: 18/18 MP: 1/1
   378 | D:1      | Reached XP level 2. HP: 22/24 MP: 3/3
   567 | D:2      | Reached XP level 3. HP: 29/29 MP: 4/4
   779 | D:2      | Found a burning altar of Makhleb.
   780 | D:2      | Found a shimmering altar of Xom.
   880 | D:2      | Reached skill level 4 in Axes
   880 | D:2      | Reached XP level 4. HP: 22/35 MP: 5/5
  1169 | D:3      | Reached XP level 5. HP: 24/41 MP: 7/7
  1248 | D:3      | Reached skill level 5 in Axes
  1513 | D:3      | Reached XP level 6. HP: 43/47 MP: 8/8
  1612 | D:3      | Reached skill level 6 in Axes
  1710 | D:3      | Found a sacrificial altar of Ru.
  2338 | D:4      | Reached skill level 7 in Axes
  2338 | D:4      | Reached XP level 7. HP: 43/52 MP: 9/9
  3035 | D:5      | Entered Level 5 of the Dungeon
  3047 | D:5      | Noticed Duvessa
  3071 | D:5      | Killed Duvessa
  3071 | D:5      | Reached skill level 8 in Axes
  3071 | D:5      | Reached XP level 8. HP: 29/58 MP: 11/11
  3241 | D:5      | Noticed Dowan
  3248 | D:5      | Killed Dowan
  3456 | D:5      | Found an opulent altar of Gozag.
  3573 | D:5      | Found Craedisosch's Antique Armour Shop.
  3609 | D:5      | Found an ancient bone altar of Kikubaaqudgha.
  3727 | D:5      | Reached skill level 5 in Shields
  4011 | D:5      | Noticed Crazy Yiuf
  4020 | D:5      | HP: 2/58 [Crazy Yiuf/quarterstaff of chaos (14)]
  4024 | D:5      | Killed Crazy Yiuf
  4389 | D:5      | Found a deep blue altar of Sif Muna.
  4766 | D:6      | Noticed Eustachio
  4839 | D:6      | Killed Eustachio
  4905 | D:6      | Reached skill level 9 in Axes
  5099 | D:6      | Reached XP level 9. HP: 25/64 MP: 12/12
  5119 | D:6      | Gained mutation: Your spells are a little harder to cast, but a little more powerful. [mutagenic meat]
  5120 | D:6      | Gained mutation: Scrolls take you a little longer to read. [mutagenic meat]
  5121 | D:6      | Gained mutation: You are weak. (Str -2) [mutagenic meat]
  5492 | D:6      | Found a staircase to the Ecumenical Temple.
  5548 | D:6      | Found a blossoming altar of Fedhas.
  5590 | Temple   | Entered the Ecumenical Temple
  5603 | Temple   | Became a worshipper of Warmaster Okawaru
  5719 | D:6      | Noticed an oklob plant
  6071 | D:7      | Got a jewelled lajatang
  6072 | D:7      | Identified the +4 lajatang "Diapiugh" {freeze, rElec rC+} (You found it on level 7 of the Dungeon)
  6128 | D:7      | Reached skill level 10 in Axes
  6487 | D:7      | Found a basalt altar of Yredelemnul.
  6573 | D:7      | Acquired Okawaru's first power
  7756 | D:8      | Reached skill level 11 in Axes
  7756 | D:8      | Reached XP level 10. HP: 52/70 MP: 13/13
  8610 | D:9      | Noticed Grum
  8930 | D:8      | Identified a scroll of acquirement
  8950 | D:9      | Killed Grum
  9004 | D:9      | Reached skill level 12 in Axes
  9188 | D:9      | Found Rabucoko's Antique Armour Boutique.
  9198 | D:9      | You fall through a shaft!
  9198 | D:10     | Entered Level 10 of the Dungeon
  9276 | D:10     | Found a staircase to the Orcish Mines.
  9300 | D:10     | Found a roughly hewn altar of Beogh.
  9739 | D:10     | Found a runed door.
  9967 | D:10     | Found a staircase to the Lair.
  9996 | D:10     | Noticed a hill giant
 10249 | D:9      | Found a blossoming altar of Fedhas.
 10250 | D:9      | Found a sparkling altar of Nemelex Xobeh.
 10424 | D:9      | Reached skill level 13 in Axes
 10561 | D:9      | Noticed NewYearsCrawler's ghost (experienced FoFi)
 11333 | D:10     | Killed a hill giant
 11535 | D:10     | Reached XP level 11. HP: 70/75 MP: 15/15
 11635 | D:10     | HP: 1/75 [orc warrior/trident (8)]
 11636 | D:10     | Slain by an orc warrior

Action                   |  1- 3 |  4- 6 |  7- 9 | 10-12 || total
-------------------------+-------+-------+-------+-------++-------
Melee: War axe           |   114 |   159 |   585 |   332 ||  1190
       Lajatang          |       |       |    32 |       ||    32
 Abil: Dig               |       |       |     1 |     6 ||     7
  Use: Potion            |       |       |    11 |     2 ||    13
       Scroll            |       |       |    10 |     2 ||    12
 Stab: Invisible         |       |     1 |     2 |       ||     3
  Eat: Chunk             |       |     5 |    23 |     9 ||    37
       Bread ration      |       |       |       |     1 ||     1
